AoeStats
← Don John

Black Forest

508727047Analyzed
2v2 RM · 9d ago on Sep 23, 2026· 62m 43s· 4 players
Game mode
Random Map
Map size
Medium (4 player)
Population
200
Speed
Normal
Resources
Standard
Victory
Conquest
Starting age
Dark Age
Ending age
Imperial Age
RankedLock teamsTeams togetherTeam positionsShared explorationLock speedFull tech treeHidden civsTurbo modeCheats
Victory
Defeat
🇭🇰 Mongols · Hong Kong SAR China
973
+15
🇦🇷 Bohemians · Argentina
962
+15
🇹🇷 Mongols · Türkiye
942
-15
🇨🇭 Britons · Switzerland
938
-15
Kurtkapanı
0:40 Loom
14:43 Feudal Age
15:48 Double-Bit Axe
22:48 Castle Age
24:49 Squires
24:37 Horse Collar
26:34 Bow Saw
26:50 Stone Mining
26:52 Gold Mining
28:48 Pikeman
30:10 Scale Barding Armor
30:15 Forging
30:09 Scale Mail Armor
30:48 Town Watch
31:13 Fletching
31:23 Padded Archer Armor
35:05 Fortified Wall
34:54 Elite Skirmisher
35:38 Padded Archer Armor
37:12 Leather Archer Armor
38:07 Wheelbarrow
40:04 Thumb Ring
40:33 Caravan
42:31 Hand Cart
45:54 Imperial Age
43:45 Nomads
45:08 Ballistics
45:03 Masonry
45:30 Bodkin Arrow
45:42 Scale Barding Armor
46:12 Iron Casting
46:37 Bracer
47:34 Conscription
47:49 Parthian Tactics
M44281
1:06 Loom
12:46 Feudal Age
13:46 Double-Bit Axe
13:45 Horse Collar
18:02 Town Watch
21:13 Castle Age
21:52 Forging
21:17 Pikeman
22:23 Scale Mail Armor
32:59 Bow Saw
35:53 Imperial Age
34:38 Wheelbarrow
35:29 Fletching
35:40 Padded Archer Armor
36:16 Iron Casting
36:21 Bodkin Arrow
36:43 Fortified Wall
36:44 Elite Skirmisher
38:19 Hand Cart
39:08 Coinage
39:18 Ballistics
39:31 Leather Archer Armor
39:44 Yeomen
39:35 Heavy Plow
39:40 Halberdier
42:13 Blast Furnace
41:44 Ring Archer Armor
41:17 Bracer
41:51 Elite Longbowman
42:53 Conscription
44:27 Light Cavalry
48:38 Heavy Mounted Crossbowman
48:43 Cranequins
56:01 Light Cavalry
57:33 Husbandry
自古多情空餘恨
0:58 Loom
1:02 Loom
15:24 Feudal Age
16:05 Double-Bit Axe
16:01 Horse Collar
18:07 Forging
18:03 Scale Barding Armor
24:25 Castle Age
22:51 Stone Mining
22:52 Gold Mining
25:29 Bow Saw
25:26 Heavy Plow
27:01 Stone Shaft Mining
27:47 Gold Shaft Mining
32:58 Light Cavalry
33:50 Bloodlines
33:40 Husbandry
37:05 Fletching
40:49 Imperial Age
38:00 Light Cavalry
39:55 Wheelbarrow
40:30 Wheelbarrow
40:36 Iron Casting
41:14 Chain Barding Armor
40:56 Padded Archer Armor
42:04 Conscription
41:16 Hussar
43:27 Blast Furnace
42:54 Bodkin Arrow
43:58 Parthian Tactics
45:06 Leather Archer Armor
45:47 Bracer
46:10 Hand Cart
61:13 Capped Ram
Don John
0:26 Loom
12:39 Feudal Age
17:28 Castle Age
15:42 Double-Bit Axe
15:41 Horse Collar
18:20 Bow Saw
18:13 Heavy Plow
18:51 Wheelbarrow
24:12 Hand Cart
32:39 Imperial Age
29:58 Town Watch
30:39 Masonry
30:43 Fortified Wall
30:29 Murder Holes
31:37 Chemistry
32:28 Padded Archer Armor
32:30 Scale Mail Armor
32:41 Forging
32:21 Fletching
34:24 Architecture
33:17 Houfnice
34:17 Chain Mail Armor
34:38 Iron Casting
34:25 Conscription
33:59 Pikeman
34:41 Squires
36:06 Two-Man Saw
36:26 Two-Man Saw
35:24 Halberdier
35:51 Arson
36:38 Plate Mail Armor
36:50 Wagenburg Tactics
38:29 Blast Furnace
38:25 Siege Engineers
38:42 Ballistics
38:17 Murder Holes
40:20 Guilds
41:02 Padded Archer Armor
43:49 Elite Skirmisher
44:46 Bodkin Arrow
45:07 Leather Archer Armor
53:01 Bracer
53:31 Ring Archer Armor
59:37 Hussite Reforms
59:01 Spies/Treason
Connection lost

Rejoining the realm…

Still unreachable

The connection could not be restored.

Session expired

The server has moved on; the page needs a fresh start.